 Dungeon Crawl Stone Soup version 0.20-a0-924-gfa95efa (webtiles) character file.

32722 nikopol the Severer (level 13, -1/116 HPs)
             Began as a Minotaur Berserker on Mar 27, 2017.
             Was the Champion of Trog.
             Killed from afar by a molten gargoyle (30 damage)
             ... with a bolt of magma
             ... on level 6 of the Lair of Beasts.
             The game lasted 01:13:34 (14659 turns).

nikopol the Severer (Minotaur Berserker)           Turns: 14659, Time: 01:13:35

Health: -1/116     AC: 18    Str: 24    XL:     13   Next: 32%
Magic:  12/12      EV: 16    Int:  4    God:    Trog [******]
Gold:   624        SH:  0    Dex: 19    Spells: 12/12 levels left

rFire    . . .     SeeInvis .   a - +5 battleaxe (freeze)
rCold    . . .     Gourm    .   (shield currently unavailable)
rNeg     . . .     Faith    .   k - +0 chain mail
rPois    .         Spirit   .   X - +2 hat {MR+}
rElec    .         Reflect  .   J - +0 cloak {+Inv}
rCorr    .         Harm     .   x - +0 pair of gloves
MR       ++...                  Q - +0 pair of boots
Stlth    ..........             (no amulet)
Regen    0.3/turn               r - +6 ring of dexterity
MPRegen  0.2/turn               y - ring of protection from magic

@: no status effects
A: retaliatory headbutt, horns 2
a: Berserk, Trog's Hand, Brothers in Arms, Burn Spellbooks, Renounce Religion,
Evoke Invisibility


You were on level 6 of the Lair of Beasts.
You worshipped Trog.
Trog was exalted by your worship.
You were not hungry.

You visited 2 branches of the dungeon, and saw 15 of its levels.

You collected 674 gold pieces.
You spent 50 gold pieces at shops.

Inventory:

Hand Weapons
 a - a +5 battleaxe of freezing (weapon)
 z - a +3 longbow of flaming
Missiles
 E - 242 arrows (quivered)
Armour
 k - a +0 chain mail (worn)
 x - a +0 pair of gloves (worn)
 J - a +0 cloak of invisibility (worn)
 Q - a +0 pair of boots (worn)
 X - a +2 hat of magic resistance (worn)
Jewellery
 r - a +6 ring of dexterity (left hand)
 y - a ring of protection from magic (right hand)
 D - an uncursed ring of positive energy
 M - a +3 ring of protection
 S - an uncursed ring of see invisible
 T - an uncursed ring of resist corrosion
Wands
 s - a wand of polymorph (15/24)
 W - a wand of scattershot (6/9)
Scrolls
 i - 6 scrolls of teleportation
 l - 3 scrolls of identify
 m - a scroll of enchant armour
 o - 3 scrolls of remove curse
 u - 2 scrolls of magic mapping
 v - a scroll of fear
 A - 2 scrolls of blinking
Potions
 d - 3 potions of brilliance
 e - a potion of invisibility
 f - 2 potions of magic
 g - 6 potions of curing
 h - 2 potions of cancellation
 t - a potion of heal wounds
 B - a potion of agility
 F - 6 potions of haste
 G - 2 potions of flight
 L - a potion of berserk rage
 Y - a potion of might
Comestibles
 c - 12 bread rations
 j - 5 meat rations
 p - 6 royal jellies
 w - 14 fruits
 O - 4 chunks of flesh


   Skills:
 + Level 11.4 Fighting
 * Level 15.0 Axes
 * Level 11.4 Bows
 + Level 11.3 Armour
 + Level 10.6 Dodging


You had 12 spell levels left.
You didn't know any spells.

Dungeon Overview and Level Annotations

Branches:
Dungeon (10/15)            Temple (0/1) D:4            Lair (4/6) D:10
  Snake (0/4) Lair:4          Orc (0/2) D:9
  Swamp: Lair:2-4    Shoals: Lair:2-4

Altars:
Hepliaklqana
Kikubaaqudgha
Xom
Beogh

Shops:
D:7 !


Innate Abilities, Weirdness & Mutations

You reflexively headbutt those who attack you in melee.
You have a pair of horns on your head.


Message History

Found a ring mail and 24 gold pieces. 2 komodo dragons, a black mamba, a fire crab and a molten gargoyle come into view.
A lava snake comes into view.
The lava snake hisses angrily.
The komodo dragon misses you. You furiously retaliate!
You headbutt the komodo dragon.
The molten gargoyle hits you with a mace!
You are engulfed in flames!
The basilisk barely misses you. The komodo dragon bites you!
The molten gargoyle blasts magma at you!
The bolt of magma hits you!
* * * LOW HITPOINT WARNING * * *
A black mamba comes into view.
The black mamba hisses angrily.
The black mamba barely misses you. You furiously retaliate!
You headbutt the black mamba.
The komodo dragon hisses menacingly.
The molten gargoyle blasts magma at you!
The bolt of magma hits you!
You die...

#§≈≈§.......l§§
≈≈≈≈##..........
#≈§≈≈..§.§≈§≈..l
####.S ..##§≈§§≈≈.§
#8#8.##..§≈≈≈≈§§§§§
##......≈≈§######§§
#......##§# $ #§
##.Sl...# [$.
##.@9l...#≈#...
#...l..§§§≈#...
.....S.##§≈≈t#...
#.........#§§§#
###....... §≈≈.#
####......#§≈.≈
###.....≈.≈≈.
##..#. ≈##. ## §..#


You could see a fire crab, 2 komodo dragons, 2 black mambas, a basilisk, a
molten gargoyle and a lava snake.

Vanquished Creatures
  Gastronok (Lair:3)
  Kirke (Lair:4)
  Nessos (Lair:4)
  Erica (D:10)
  5 two-headed ogres
  A queen ant (Lair:3)
  Urug (Lair:4)
  Nergalle (Lair:1)
  A cyclops (D:8)
  2 black mambas
  7 spiny frogs
  A rime drake (Lair:4)
  4 komodo dragons
  A polar bear (Lair:3)
  9 hippogriffs
  Sigmund (D:5)
  7 hogs
  A wyvern (D:9)
  7 spriggans (Lair:2)
  Eustachio (D:4)
  35 yaks
  2 basilisks
  A hungry ghost (D:7)
  A warg (Lair:2)
  Menkaure (D:5)
  12 water moccasins
  5 soldier ants (Lair:3)
  8 porcupines
  A sky beast (D:6)
  3 ice beasts
  2 orc warriors
  A black bear (Lair:1)
  2 phantoms
  2 hornet zombies
  3 ogres
  11 wolves
  7 centaurs
  2 necrophages
  4 crocodiles
  11 bullfrogs
  2 scorpions
  8 killer bees
  8 wights
  4 howler monkeys
  2 crimson imps (D:6)
  A lava snake (Lair:6)
  A bullfrog zombie (D:8)
  3 orc priests
  5 hounds
  A jelly (D:9)
  9 orc wizards
  A bullfrog skeleton (D:4)
  A centaur skeleton (D:10)
  4 iguanas
  Ijyb (D:5)
  17 worker ants
  A hound zombie (D:9)
  A hound skeleton (D:7)
  16 adders
  A shadow imp (D:5)
  An ooze (D:1)
  An adder zombie (D:5)
  2 worms
  2 dart slugs (D:4)
  5 leopard geckos
  49 orcs
  6 ball pythons
  8 bats
  3 giant cockroaches
  9 hobgoblins
  2 jackals (D:1)
  6 quokkas
  4 frilled lizards
  A giant cockroach zombie (D:5)
  7 goblins
  A jackal zombie (D:5)
  13 kobolds
  A quokka skeleton (D:4)
  A quokka zombie (D:8)
  8 rats
  A fungus (Lair:1)
  2 plants (Lair:3)
388 creatures vanquished.

Vanquished Creatures (others)
  An orc wizard (D:5)
  2 fungi (Lair:3)
  A plant (Lair:3)
4 creatures vanquished.

Grand Total: 392 creatures vanquished

Notes
Turn   | Place    | Note
-------+----------+-------------------------------------------
     0 | D:1      | nikopol the Minotaur Berserker began the quest for the Orb.
     0 | D:1      | Reached XP level 1. HP: 19/19 MP: 0/0
   106 | D:1      | Reached XP level 2. HP: 24/27 MP: 1/1
   189 | D:1      | Reached skill level 4 in Axes
   307 | D:1      | Reached ** piety under Trog
   309 | D:1      | Reached XP level 3. HP: 30/33 MP: 2/2
  1241 | D:3      | Reached XP level 4. HP: 40/40 MP: 3/3
  1495 | D:2      | Found an ancient bone altar of Kikubaaqudgha.
  1628 | D:4      | Noticed an ogre
  1634 | D:4      | Killed an ogre
  1634 | D:4      | Reached skill level 5 in Fighting
  1634 | D:4      | Reached skill level 5 in Axes
  1634 | D:4      | Reached XP level 5. HP: 48/48 MP: 4/4
  1756 | D:4      | Noticed Eustachio
  1769 | D:4      | Killed Eustachio
  1769 | D:4      | Reached *** piety under Trog
  1769 | D:4      | Reached XP level 6. HP: 49/56 MP: 5/5
  1962 | D:4      | Found a staircase to the Ecumenical Temple.
  2307 | D:5      | Entered Level 5 of the Dungeon
  2363 | D:5      | Reached XP level 7. HP: 62/62 MP: 6/6
  2369 | D:5      | Reached skill level 6 in Axes
  2384 | D:5      | Reached skill level 5 in Armour
  2438 | D:5      | Reached skill level 5 in Dodging
  2540 | D:5      | Reached skill level 7 in Axes
  2572 | D:5      | Noticed Sigmund
  2584 | D:5      | Killed Sigmund
  2584 | D:5      | Reached XP level 8. HP: 71/71 MP: 7/7
  2748 | D:5      | Noticed Menkaure
  2754 | D:5      | Killed Menkaure
  2754 | D:5      | Reached **** piety under Trog
  2874 | D:5      | Noticed Ijyb
  2880 | D:5      | Killed Ijyb
  2880 | D:5      | Reached skill level 8 in Axes
  3058 | D:5      | Found a runed door.
  3190 | D:5      | Reached ***** piety under Trog
  3420 | D:5      | Found a roughly hewn altar of Beogh.
  3970 | D:6      | Reached skill level 9 in Axes
  3970 | D:6      | Reached XP level 9. HP: 64/79 MP: 8/8
  4143 | D:6      | Reached skill level 1 in Bows
  4669 | D:7      | Found Utomeul's Distillery.
  4686 | D:7      | Bought a potion of heal wounds for 50 gold pieces
  5018 | D:7      | Reached skill level 10 in Axes
  5359 | D:7      | Found a shimmering altar of Xom.
  5657 | D:8      | Noticed a cyclops
  5667 | D:8      | Killed a cyclops
  5667 | D:8      | Received a gift from Trog
  5972 | D:9      | Noticed a two-headed ogre
  5982 | D:9      | Killed a two-headed ogre
  5982 | D:9      | Reached skill level 5 in Bows
  5982 | D:9      | Reached XP level 10. HP: 58/90 MP: 9/9
  6183 | D:9      | Found a staircase to the Orcish Mines.
  6506 | D:9      | Noticed a two-headed ogre
  6520 | D:9      | Killed a two-headed ogre
  6520 | D:9      | Reached skill level 11 in Axes
  7388 | D:10     | Entered Level 10 of the Dungeon
  7444 | D:10     | Noticed a two-headed ogre
  7455 | D:10     | Killed a two-headed ogre
  7602 | D:10     | Found a staircase to the Lair.
  7627 | D:10     | Reached skill level 12 in Axes
  7635 | D:10     | Reached XP level 11. HP: 53/97 MP: 10/10
  7850 | D:10     | Found a hazy altar of Hepliaklqana.
  8010 | D:10     | Noticed Erica
  8019 | D:10     | Noticed a two-headed ogre
  8027 | D:10     | Killed Erica
  8028 | D:10     | Killed a two-headed ogre
  8347 | D:10     | Noticed a two-headed ogre
  8355 | D:10     | Killed a two-headed ogre
  9005 | Lair:1   | Entered Level 1 of the Lair of Beasts
  9005 | Lair:1   | Noticed Nergalle
  9011 | Lair:1   | Noticed a spectral orc warlord
  9022 | Lair:1   | Killed Nergalle
  9122 | Lair:1   | Reached skill level 10 in Fighting
  9442 | Lair:1   | Reached skill level 13 in Axes
 10062 | Lair:2   | Found an ancient bone altar of Kikubaaqudgha.
 10084 | Lair:2   | Received a gift from Trog
 10621 | Lair:2   | Reached XP level 12. HP: 89/106 MP: 11/11
 10966 | Lair:2   | Reached skill level 10 in Armour
 11791 | Lair:3   | Reached skill level 10 in Bows
 12061 | Lair:3   | Noticed Gastronok
 12075 | Lair:3   | Killed Gastronok
 12075 | Lair:3   | Reached skill level 14 in Axes
 12268 | Lair:3   | Reached skill level 10 in Dodging
 12717 | Lair:3   | Noticed a queen ant
 12726 | Lair:3   | Killed a queen ant
 12977 | Lair:3   | Identified a scroll of acquirement
 13415 | Lair:4   | Noticed Kirke
 13451 | Lair:4   | Killed Kirke
 13451 | Lair:4   | Reached XP level 13. HP: 116/116 MP: 12/12
 13712 | Lair:4   | Found a staircase to the Snake Pit.
 13729 | Lair:4   | Reached ****** piety under Trog
 13771 | Lair:4   | Noticed Nessos
 13797 | Lair:4   | Killed Nessos
 14113 | Lair:4   | Noticed Urug
 14128 | Lair:4   | Killed Urug
 14648 | Lair:4   | You fall through a shaft for 2 floors!
 14648 | Lair:6   | Entered Level 6 of the Lair of Beasts
 14653 | Lair:6   | Reached skill level 15 in Axes
 14655 | Lair:6   | Noticed a fire dragon
 14659 | Lair:6   | Killed from afar by a molten gargoyle

Vault maps used:
D:1:      roderic_dead_forest
D:2:      lemuel_upstairs_altar, minmay_misc_feat_alley
D:3:      first_bread, feat_on_display
D:4:      minmay_temple_entry_statues_fountains, uniq_eustachio
D:5:      lightli_church_of_beogh, uniq_sigmund, uniq_menkaure, uniq_iyjb
D:7:      nicolae_overflow_hidden_temple, serial_shops, shop
D:9:      david_orc_2
D:10:     lair_entry_dummy, basic_altar, uniq_erica
Lair:1:   serial_bayou_shore_b, infiniplex_staircase_pool, lemuel_fruit_tree,
          uniq_nergalle
Lair:2:   kb_forest_paths, basic_altar, st_stairs_6, beast_lair_carwin_9
Lair:3:   st_stairs_3, wad_woods_antlair, serial_bayou_shore_a,
          grunt_megastairs_1, uniq_gastronok
Lair:4:   minmay_shoals_entry_lonely_mermaid, minmay_snake_entry_six_corridors,
          grunt_megastairs_5, uniq_nessos, uniq_kirke, uniq_urug
Lair:6:   cheibrodos_lair_end_hotspot, minmay_slime_entry_oklob_open

Skill      XL: |  1  2  3  4  5  6  7  8  9 10 11 12 13 |
---------------+----------------------------------------+-----
Axes           | 4 5 7 9 10 12 13 14 15 | 15.0
Fighting       | 4 5 6 7 8 9 10 11 | 11.4
Armour         | 3 4 5 6 7 8 9 10 11 | 11.3
Dodging        | 3 4 5 6 7 8 9 10 | 10.6
Bows           | 5 7 9 11 | 11.4

Action                   |  1- 3 |  4- 6 |  7- 9 | 10-12 | 13-15 || total
-------------------------+-------+-------+-------+-------+-------++-------
Melee: Hand axe          |    78 |       |   229 |   508 |    50 ||   865
       Headbutt          |    13 |    15 |    61 |   157 |    15 ||   261
       War axe           |     1 |    82 |     8 |       |       ||    91
       Battleaxe         |       |       |       |       |     3 ||     3
 Fire: Shortbow          |       |       |   111 |   275 |    34 ||   420
       Longbow           |       |       |       |       |    15 ||    15
Invok: Berserk           |       |     1 |     1 |     3 |       ||     5
       Burn Spellbooks   |       |     1 |       |     4 |       ||     5
       Trog's Hand       |       |       |       |     1 |       ||     1
  Use: Scroll            |       |     3 |     6 |    10 |    14 ||    33
       Potion            |       |       |       |     1 |       ||     1
  Eat: Chunk             |     1 |     5 |    12 |    24 |     5 ||    47
       Fruit             |       |       |     2 |     1 |       ||     3
Armor: Animal skin       |     3 |       |       |       |       ||     3
       Ring mail         |    30 |    10 |       |       |       ||    40
       Chain mail        |       |    29 |   109 |   167 |    15 ||   320
Dodge: Dodged            |    52 |    41 |   131 |   287 |    38 ||   549
